 Dungeon Crawl Stone Soup version 0.26-a0-1139-g7d2dc893a1 (webtiles) character file.

Game seed: 6875938489453030176

26 HoaS the Shield-Bearer (level 3, -2/23 HPs)
             Began as a Gargoyle Fighter on Dec 21, 2020.
             Slain by a gnoll
             ... wielding a +0 halberd
              (4 damage)
             ... on level 1 of the Dungeon.
             The game lasted 00:02:05 (974 turns).

HoaS the Shield-Bearer (Gargoyle Fighter)            Turns: 974, Time: 00:02:06

Health: -2/23      AC: 12    Str: 20    XL:     3   Next: 8%
Magic:  3/3        EV:  5    Int:  8    God:
Gold:   60         SH:  9    Dex:  9    Spells: 2/2 levels left

rFire    . . .     SeeInvis .   a - +0 flail
rCold    . . .     Faith    .   c - +0 kite shield
rNeg     + . .     Spirit   .   f - +0 chain mail
rPois    ∞         Reflect  .   (no helmet)
rElec    +         Harm     .   (no cloak)
rCorr    .         Rampage  .   (no gloves)
Will     .....                  (no boots)
Stlth    ..........             (no amulet)
HPRegen  0.07/turn              (no ring)
MPRegen  0.08/turn              (no ring)

@: no status effects
A: negative energy resistance 1, electricity resistance, unbreathing,
petrification resistance, miasma immunity, AC +3
a: no special abilities


You were on level 1 of the Dungeon.
You visited 1 branch of the dungeon, and saw 2 of its levels.

You collected 60 gold pieces.

Inventory:

Hand Weapons
 a - a +0 flail (weapon)
Armour
 c - a +0 kite shield (worn)
 f - a +0 chain mail (worn)
Wands
 h - a wand of acid (11)
Scrolls
 e - 2 scrolls of identify
Potions
 b - a potion of ambrosia {unknown}
 d - a potion of might
 g - a potion of curing
 i - a potion of degeneration {unknown}


   Skills:
 - Level 3.2 Fighting
 * Level 3.1 Maces & Flails
 - Level 3.2 Armour
 + Level 3.7 Shields


You had 2 spell levels left.
You didn't know any spells.
Your spell library was empty.

Dungeon Overview and Level Annotations

Branches:
Dungeon (2/15)

Altars:
The Shining One


Innate Abilities, Weirdness & Mutations

You are resistant to torment.
Your stone body is resilient. (AC +3)
You are immune to poison.
You resist negative energy. (rN+)
You are resistant to electric shocks. (rElec)
You can survive without breathing.
You are immune to petrification.
You are immune to miasma.


Message History

You hit the kobold.
You kill the kobold!
No target in view!
You start resting.
HP restored.
You climb downwards.
The gnoll hits you with a +0 halberd! The gnoll hits you but does no damage.
You block the gnoll's attack.
There is a stone staircase leading up here.
You block the gnoll's attack. x2; The gnoll completely misses you.
You climb upwards.
There is a stone staircase leading down here.
Your chain mail prevents you from hitting the gnoll.
The gnoll hits you with a +0 halberd!
* * * LOW HITPOINT WARNING * * *
The gnoll hits you but does no damage. The gnoll hits you with a +0 whip.
* * * LOW HITPOINT WARNING * * *
You barely miss the gnoll. You block the gnoll's attack.
The gnoll hits you but does no damage. x2
The gnoll hits you with a +0 halberd.
You die...

#....# ##########....#
#.............#####
#####.............####
######.....##....####
#####..####....#### ##(..#
####....### #######..#.# ####....
########.......@g.## ##.....
##.....##......g.g..#######......
#.......#........................
...................##............
.........##......................
............###.#..##############
.........#### ######.............
♣........#######.......#######...
♣.).........##......###.......###


You could see 3 gnolls.

Vanquished Creatures
  A leopard gecko (D:1)
  A giant cockroach (D:1)
  2 hobgoblins (D:1)
  7 jackals (D:1)
  A ball python (D:1)
  A bat (D:1)
  A frilled lizard (D:1)
  2 goblins
  4 kobolds
  4 rats
24 creatures vanquished.

Notes
Turn   | Place    | Note
-------+----------+-------------------------------------------
     0 | D:1      | HoaS the Gargoyle Fighter began the quest for the Orb.
     0 | D:1      | Reached XP level 1. HP: 14/14 MP: 1/1
   296 | D:1      | Reached XP level 2. HP: 19/19 MP: 2/2
   782 | D:2      | Found a glowing golden altar of the Shining One.
   811 | D:2      | Found a faded altar of an unknown god.
   815 | D:2      | Reached XP level 3. HP: 23/23 MP: 3/3
   974 | D:1      | Slain by a gnoll

Illustrated notes

Levels and vault maps discovered:
D:1:      dpeg_arrival_oval, layout_rooms, serial_forest,
          infiniplex_forest_lined_3, infiniplex_forest_clump_tiny,
          infiniplex_forest_corner_1, infiniplex_forest_clump_double,
          infiniplex_forest_straight_3, infiniplex_forest_end_3
D:2:      layout_loops_ring, grunt_temple_overflow_opulence, tso_metal_star,
          chequers_ecumenical_altar_simple_redux

Skill      XL: |  1  2 |
---------------+-------+-----
Maces & Flails | 3 |  3.1
Fighting       | |  3.2
Armour         | |  3.2
Shields        | |  3.7

Action                   || total
-------------------------++-------
Melee: Flail             ||   103
  Use: Scroll            ||     2
Armor: Scale mail        ||    39
       Chain mail        ||    34
Dodge: Dodged            ||    35
Block: Kite shield       ||    68

Table legend: (Time is in decaauts)
 A = Elapsed time spent in this place.
 B = Non-inter-level travel time spent in this place.
 C = Inter-level travel time spent in this place.
 D = Time resting spent in this place.
 E = Time spent auto-exploring this place.
 F = Levels seen in this place.
 G = Mean time per level.
                   A        B        C        D        E       F      G
               +--------+--------+--------+--------+--------+-----+--------+
         Total |   1012 |    958 |     54 |     40 |    663 |   2 |  506.0 |
       Dungeon |   1012 |    958 |     54 |     40 |    663 |   2 |  506.0 |
               +--------+--------+--------+--------+--------+-----+--------+

Top non-repeatable levels by time:
     D:1: 839 daAuts
     D:2: 173 daAuts
